Map: Paladino Terminal LE

Players

Shuumz

  • Race: Terran Terran
  • League: Diamond
  • Spawn Location: 9:00

Musumeci - Winner!

  • Race: Zerg Zerg
  • League: Diamond
  • Spawn Location: 5:00

VOD

Have the link to the VOD?

Description

Time

  • Played on: March 8, 2017, 2:58 p.m.
  • Length: 8:58
Show
View Real Time Build Order
Export as new Build Order

Shuumz Terran 

Build Orders: Reaper Expand 

Get SALT Encoding   

  12  0:00  SCV  
  13  0:12  SCV  
  14  0:19  Supply Depot  
  14  0:24  SCV  
  15  0:40  SCV  
  15  0:42  Barracks  
  16  0:46  Refinery  
  16  0:52  SCV  
  17  1:05  SCV  
  18  1:17  SCV  
  19  1:31  Reaper  
  20  1:33  Orbital Command  
  20  1:48  Command Center  
  20  2:01  Supply Depot  
  20  2:02  SCV  
  20  2:03  Marine  
  22  2:12  Factory  
  22  2:15  SCV  
  22  2:34  Barracks Reactor  
  22  2:38  SCV  
  22  2:41  Refinery  
  23  2:51  SCV  
  24  3:03  Starport  
  24  3:08  Orbital Command  
  24  3:09  SCV  
  25  3:21  SCV  
  25  3:23  Marine  
  25  3:24  Hellion x2  
  31  3:29  Armory  
  31  3:33  SCV  
  32  3:35  SCV  
  32  3:40  Medivac  
  32  3:41  Marine  
  37  3:49  Supply Depot  
  40  3:55  Hellion  
  40  3:56  Hellion  
  40  3:57  SCV  
  40  3:58  SCV  
  40  4:00  Marine  
  40  4:01  Liberator  
  43  4:06  Supply Depot  
  46  4:26  Marine  
  47  4:34  Hellion x2  
  47  4:38  Supply Depot  
  51  4:40  Barracks  
  51  4:43  Barracks  
  51  4:44  Marine  
  52  4:59  Hellion x2  
  56  5:02  Liberator, Marine  
  56  5:03  SCV x2  
  56  5:04  Refinery  
  57  5:19  Marine  
  56  5:31  Bunker  
  56  5:37  Marine  
  56  5:39  Cyclone  
  56  5:40  Cyclone  
  63  5:45  Barracks Tech Lab  
  63  5:46  Barracks Reactor  
  63  5:51  SCV  
  63  5:55  Bunker, Marine  
  65  5:58  SCV  
  65  6:03  SCV, Supply Depot  
  67  6:10  SCV  
  68  6:13  Marine  
  68  6:15  SCV  
  68  6:17  Supply Depot  
  70  6:18  Supply Depot  
  70  6:22  Stimpack, Engineering Bay  
  70  6:24  Marine, Starport Reactor  
  70  6:25  SCV, Marine x2  
  72  6:27  SCV  
  72  6:31  Marine  
  76  6:42  Cyclone  
  76  6:43  SCV x2, Cyclone  
  84  6:48  Supply Depot  
  84  6:49  Terran Infantry Weapons Level 1  
  84  6:50  Marine x2  
  84  6:52  Marauder  
  84  6:53  Supply Depot  
  87  6:54  Marine  
  87  6:56  SCV  
  89  7:04  Medivac x2  
  89  7:05  SCV  
  94  7:11  Supply Depot  
  94  7:15  Supply Depot  
  94  7:16  SCV  
  94  7:17  Marine  
  94  7:18  Marine x2  
  98  7:27  Refinery  
  98  7:32  Marine  
  99  7:38  Marine x2  
  99  7:39  Marine  
  100  7:50  Marine  
  90  7:53  SCV  
  90  7:54  SCV  
  90  7:56  Marine x2  
  94  8:01  Barracks Reactor  
  94  8:02  Medivac x2  
  89  8:08  Marine  
  89  8:11  Factory Tech Lab  
  90  8:20  Command Center  
  90  8:21  Barracks  
  90  8:22  Marine x2  
  90  8:23  Barracks  
  90  8:27  Marauder  
  88  8:34  Barracks  
Show
View Real Time Build Order
Export as new Build Order

Musumeci Zerg - Winner!

Build Orders: Hatch First 

Get SALT Encoding   

  12  0:03  Drone  
  13  0:08  Drone  
  14  0:15  Drone, Extractor  
  15  0:42  Hatchery  
  15  0:49  Extractor  
  14  0:50  Drone  
  15  1:03  Spawning Pool  
  14  1:06  Extractor  
  14  1:08  Drone  
  14  1:17  Drone, Extractor  
  16  1:22  Overlord  
  16  1:40  Drone x2  
  16  1:42  Drone  
  19  1:50  Queen  
  19  1:54  Queen  
  21  1:57  Drone  
  21  2:01  Drone  
  25  2:08  Overlord  
  25  2:11  Drone  
  26  2:17  Drone  
  26  2:18  Drone  
  28  2:26  Queen  
  30  2:34  Queen  
  32  2:44  Drone x3  
  33  2:45  Extractor  
  33  2:49  Overlord  
  34  2:52  Overlord  
  35  3:00  Drone  
  35  3:15  Hatchery, Drone x3  
  35  3:17  Extractor  
  35  3:19  Extractor  
  35  3:26  Overlord  
  35  3:30  Drone, Roach Warren  
  35  3:33  Drone  
  36  3:34  Drone  
  36  3:38  Drone  
  36  3:39  Drone  
  39  3:52  Drone x6  
  45  4:01  Overlord  
  45  4:29  Roach x4  
  53  4:32  Evolution Chamber  
  53  4:33  Evolution Chamber  
  51  4:41  Roach x4  
  51  4:45  Roach x2  
  63  4:57  Roach x5  
  73  5:25  Lair, Extractor  
  73  5:26  Drone  
  73  5:27  Drone, Extractor  
  73  5:28  Drone  
  74  5:29  Overlord x4  
  74  5:36  Zerg Missile Weapons Level 1  
  74  5:45  Evolution Chamber  
  73  6:08  Drone, Spore Crawler  
  73  6:09  Drone x8, Spore Crawler x2  
  79  6:11  Spore Crawler  
  79  6:12  Ravager x3  
  79  6:14  Drone x3, Spore Crawler  
  79  6:15  Drone  
  84  6:18  Drone  
  84  6:19  Drone  
  84  6:21  Drone  
  84  6:22  Drone  
  88  6:26  Glial Reconstitution  
  88  6:48  Drone x3, Extractor  
  88  6:49  Extractor  
  88  6:50  Drone x3  
  88  6:51  Drone x7  
  99  6:59  Drone x2  
  101  7:21  Ravager x2  
  101  7:22  Ravager x3  
  106  7:30  Overlord x4  
  110  7:55  Ravager  
  110  7:56  Ravager x5  
  116  8:12  Roach x7  
  130  8:13  Overlord x7  
Tags
 
Add a new tag
Caveats
  • Supply blocks, unpowered buildings, or Contaminate may cause inaccurate times.
  • Supply counts are checked every 10 seconds.